 Dungeon Crawl Stone Soup version 0.29.1-1-gd02db6906a (webtiles) character file.

Game seed: 11968391669168622171

8821 MisterFreud the Covert (level 11, -15/81 HPs)
             Began as a Gnoll Delver on Oct 2, 2022.
             Was a Follower of Hepliaklqana.
             Killed by vampiric draining
             ... invoked by a vampire
              (21 damage)
             ... on level 9 of the Dungeon.
             The game lasted 00:10:48 (8279 turns).

MisterFreud the Covert (Gnoll Delver)               Turns: 8279, Time: 00:10:49

Health: -15/81     AC: 18    Str: 12    XL:     11   Next: 36%
Magic:  21/21      EV: 12    Int: 12    God:    Hepliaklqana [*.....]
Gold:   144        SH:  0    Dex: 16    Spells: 24/24 levels left

rFire   + + .      SeeInvis .   A - +4 trident "Tuvor" {venom, rF++ Int-2 Dex+3}
rCold   . . .      Faith    .   (no shield)
rNeg    . . .      Spirit   .   m - +3 chain mail {Will+}
rPois   .          Reflect  .   (no helmet)
rElec   .          Harm     .   h - +2 cloak {Stlth+}
rCorr   .          Rampage  .   y - +0 pair of gloves
Will    ++...                   (no boots)
Stlth   +++.......              (no amulet)
HPRegen 0.23/turn               i - +4 ring of evasion
MPRegen 0.17/turn               C - ring of willpower

@: marked, studying Axes
A: reduced essence, fangs 1, strong nose, distributed training
a: Renounce Religion, Recall Ancestor, Ancestor Identity


You were on level 9 of the Dungeon.
You worshipped Hepliaklqana.
Hepliaklqana was aware of your devotion.
You visited 2 branches of the dungeon, and saw 10 of its levels.

You collected 511 gold pieces.
You spent 367 gold pieces at shops.

Inventory:

Hand Weapons
 a - a +0 short sword
 r - a +3 short sword of draining
 A - the +4 trident "Tuvor" (weapon) {venom, rF++ Int-2 Dex+3}
   (You bought it in a shop on level 6 of the Dungeon)

   It poisons the flesh of those it strikes.
   Int:       It affects your intelligence (-2).
   Dex:       It affects your dexterity (+3).
   rF:        It greatly protects you from fire.
Missiles
 v - 12 poisoned darts (quivered)
 D - 5 silver javelins
Armour
 b - a +0 leather armour
 h - a +2 cloak of stealth (worn)
 m - a +3 chain mail of willpower (worn)
 y - a +0 pair of gloves (worn)
Jewellery
 i - a +4 ring of evasion (left hand)
 j - a ring of fire
 k - a ring of flight
 o - a ring of magical power
 p - a ring of see invisible
 s - a ring of willpower
 x - a +6 ring of intelligence
 C - a ring of willpower (right hand)
 G - a ring of wizardry
Wands
 g - a wand of digging (3)
 u - a wand of mindburst (12)
Scrolls
 c - 2 scrolls of fog
 d - 2 scrolls of magic mapping
 e - 2 scrolls of fear
 q - 2 scrolls of teleportation
 w - 3 scrolls of enchant armour
 z - a scroll of blinking
Potions
 f - 2 potions of haste
 l - 6 potions of curing
 n - 4 potions of ambrosia
 t - 3 potions of lignification
 B - a potion of berserk rage
 E - a potion of magic
 F - a potion of brilliance


   Skills:
 + Level 9.8 Fighting
 + Level 8.6 Short Blades
 + Level 7.1 Long Blades
 + Level 10.2 Axes
 + Level 7.1 Maces & Flails
 + Level 7.1 Polearms
 + Level 7.1 Staves
 + Level 7.1 Ranged Weapons
 + Level 7.1 Throwing
 + Level 7.1 Armour
 + Level 8.6 Dodging
 + Level 11.9 Stealth
 + Level 7.1 Shields
 + Level 7.1 Unarmed Combat
 + Level 7.1 Spellcasting
 + Level 5.9 Conjurations
 + Level 5.9 Hexes
 + Level 5.9 Summonings
 + Level 5.9 Necromancy
 + Level 5.9 Translocations
 + Level 5.9 Transmutations
 + Level 5.9 Fire Magic
 + Level 5.9 Ice Magic
 + Level 5.9 Air Magic
 + Level 5.9 Earth Magic
 + Level 5.9 Poison Magic
 + Level 7.8 Invocations
 + Level 7.1 Evocations


You had 24 spell levels left.
You didn't know any spells.
Your spell library contained the following spells:

 Spells                   Type           Power      Damage    Failure   Level
 Beastly Appendage        Tmut           36%        N/A       34%         1
 Freeze                   Ice            72%        1d9       34%         1
 Blink                    Tloc           36%        N/A       47%         2
 Wereblood                Tmut           18%        N/A       47%         2
 Frozen Ramparts          Ice            36%        1d6       71%         3
 Lesser Beckoning         Tloc           18%        N/A       71%         3
 Portal Projectile        Hex/Tloc       36%        N/A       71%         3
 Spider Form              Tmut/Pois      18%        N/A       71%         3
 Tukima's Dance           Hex            18%        N/A       71%         3
 Cause Fear               Hex            9%         N/A       98%         4
 Hailstorm                Conj/Ice       18%        3d6       98%         4
 Ice Form                 Ice/Tmut       18%        N/A       98%         4
 Summon Ice Beast         Ice/Summ       18%        N/A       98%         4
 Blade Hands              Tmut           9%         N/A       100%        5
 Manifold Assault         Tloc           18%        N/A       100%        5
 Summon Mana Viper        Hex/Summ       18%        N/A       100%        5
 Dragon Form              Tmut           9%         N/A       100%        7
 Monstrous Menagerie      Summ           9%         N/A       100%        7
 Dragon's Call            Summ           9%         N/A       100%        9


Dungeon Overview and Level Annotations

Branches:
Dungeon (9/15)             Temple (1/1) D:7
   Lair: D:8-11         Orc: D:9-12

Altars:
Ashenzari
Cheibriados
Dithmenos
Fedhas
Hepliaklqana
Makhleb
Nemelex Xobeh
Okawaru
Qazlal
Ru
Uskayaw
Vehumet
Wu Jian
Xom
Yredelemnul

Shops:
D:2 (   D:5 [   D:6 (   D:9 ?

Annotations:
D:5 3 runed translucent doors, PanSaczeczos's ghost, novice TrWn
D:6 3 runed translucent doors, zurenarrh's ghost, novice OgBe
D:8 1 runed translucent door, Bqawayeah's ghost, novice DECj


Innate Abilities, Weirdness & Mutations

Your life essence is reduced to manifest your ancestor. (-10% HP)
You have very sharp teeth.
Your uncanny sense of smell can sniff out nearby items.
Your experience applies equally to all skills.


Message History

You hit something but do no damage. Something hits you.
* * * LOW HITPOINT WARNING * * *
Something bites you but does no damage.
Tlaloc barely misses something.
You barely miss something. Something hits you but does no damage.
Something bites you but does no damage.
You hit something. You bite something.
Tlaloc hits something but does no damage.
You barely miss something. Something hits you but does no damage.
Something bites you but does no damage.
Tlaloc closely misses something.
You hit something but do no damage. Something hits you.
* * * LOW HITPOINT WARNING * * *
Something bites you but does no damage.
Tlaloc hits something but does no damage.
You barely miss something. Something hits you but does no damage.
Something bites you!
* * * LOW HITPOINT WARNING * * *
Something draws strength from your injuries!
Tlaloc hits something but does no damage.
You hit something. Something hits you but does no damage. Something bites you.
* * * LOW HITPOINT WARNING * * *
Something draws strength from your injuries!
Tlaloc completely misses something.
You feel better. Something hits you but does no damage.
Something barely misses you.
Tlaloc hits something but does no damage.
You closely miss something. Something hits you but does no damage.
Something bites you but does no damage.
Tlaloc hits something but does no damage.
You hit something. You bite something. Something hits you.
* * * LOW HITPOINT WARNING * * *
Something bites you but does no damage.
Tlaloc hits something.
You hit something. Your punch misses something.
Something hits you but does no damage. Something bites you.
* * * LOW HITPOINT WARNING * * *
Something draws strength from your injuries!
Tlaloc closely misses something.
You hit something. Something hits you but does no damage.
Something bites you but does no damage.
Tlaloc hits something.
You hit something. Something draws life force from you!!
You die...

#...<..
#######
####+###
#......# .
#......+
...##......#
....'......#
#.{@...#
#.R....#
#......#
#......#
#.....>#
#......#
#####'##
##.# ###..#


You could see the friendly Tlaloc the ancestor.

Vanquished Creatures
  A komodo dragon (D:8)
  An unseen horror (D:8)
  Sigmund (D:6)
  2 wyverns (D:8)
  A steam dragon (D:9)
  3 water moccasins
  2 black bears
  An orc warrior (D:9)
  A sky beast (D:6)
  2 ogres
  4 ice beasts
  2 centaurs
  3 bullfrogs
  4 scorpions
  10 wights
  6 killer bees
  4 howler monkeys
  4 jellies
  4 hounds
  An orc priest (D:6)
  A gnoll bouda (D:6)
  3 iguanas
  An orc wizard (D:6)
  6 gnolls
  8 adders
  A shadow imp (D:5)
  3 ufetubi
  A dart slug (D:2)
  12 orcs
  7 bats
  7 endoplasms
  3 giant cockroaches
  13 goblins
  5 hobgoblins
  5 jackals
  4 quokkas
  9 ball pythons
  2 frilled lizards
  11 kobolds
  A quokka zombie (D:4)
  5 rats
165 creatures vanquished.

Vanquished Creatures (collateral kills)
  3 orcs (D:9)
3 creatures vanquished.

Vanquished Creatures (others)
  2 withered plants (D:8)
2 creatures vanquished.

Grand Total: 170 creatures vanquished

Notes
Turn   | Place    | Note
-------+----------+-------------------------------------------
     0 | D:5      | Reached skill level 9 in Stealth
     0 | D:5      | MisterFreud the Gnoll Delver began the quest for the Orb.
     0 | D:5      | Reached XP level 1. HP: 23/23 MP: 1/1
    59 | D:4      | Noticed a scorpion
    69 | D:4      | Killed a scorpion
    70 | D:4      | Reached skill level 1 in Long Blades
    70 | D:4      | Reached skill level 1 in Axes
    70 | D:4      | Reached skill level 1 in Maces & Flails
    70 | D:4      | Reached skill level 1 in Polearms
    70 | D:4      | Reached skill level 1 in Staves
    70 | D:4      | Reached skill level 1 in Ranged Weapons
    70 | D:4      | Reached skill level 1 in Throwing
    70 | D:4      | Reached skill level 1 in Armour
    70 | D:4      | Reached skill level 1 in Shields
    70 | D:4      | Reached skill level 1 in Unarmed Combat
    70 | D:4      | Reached skill level 1 in Spellcasting
    70 | D:4      | Reached skill level 1 in Invocations
    70 | D:4      | Reached skill level 1 in Evocations
    70 | D:4      | Reached XP level 2. HP: 18/29 MP: 1/3
    70 | D:4      | Reached XP level 3. HP: 22/35 MP: 1/4
    70 | D:4      | Reached XP level 4. HP: 26/41 MP: 1/5
    92 | D:2      | Reached skill level 1 in Conjurations
    92 | D:2      | Reached skill level 1 in Hexes
    92 | D:2      | Reached skill level 1 in Summonings
    92 | D:2      | Reached skill level 1 in Necromancy
    92 | D:2      | Reached skill level 1 in Translocations
    92 | D:2      | Reached skill level 1 in Transmutations
    92 | D:2      | Reached skill level 1 in Fire Magic
    92 | D:2      | Reached skill level 1 in Ice Magic
    92 | D:2      | Reached skill level 1 in Air Magic
    92 | D:2      | Reached skill level 1 in Earth Magic
    92 | D:2      | Reached skill level 1 in Poison Magic
   302 | D:2      | Found Gaimi's Antique Weapon Boutique.
   355 | D:1      | Found a faded altar of an unknown god.
   560 | D:1      | Reached XP level 5. HP: 44/47 MP: 7/7
  1576 | D:2      | Found a basalt altar of Yredelemnul.
  2534 | D:4      | Reached XP level 6. HP: 53/53 MP: 8/8
  2778 | D:4      | Noticed a +0 short sword
  2779 | D:4      | Noticed a +0 dagger
  2779 | D:4      | Noticed a +0 falchion
  2780 | D:4      | Noticed a +0 falchion
  2780 | D:4      | Noticed a +0 spear
  2781 | D:4      | Noticed a +0 dagger
  2781 | D:4      | Noticed a +0 short sword
  2782 | D:4      | Noticed a +0 spear
  3140 | D:4      | Found a hide-covered altar of Uskayaw.
  3339 | D:5      | Found Kime's Armour Shoppe.
  3341 | D:5      | Noticed a water moccasin
  3361 | D:5      | Killed a water moccasin
  3362 | D:5      | Reached skill level 5 in Short Blades
  3362 | D:5      | Reached skill level 5 in Dodging
  3483 | D:5      | Reached XP level 7. HP: 60/60 MP: 10/10
  3551 | D:5      | Found a runed translucent gate.
  3551 | D:5      | Found a runed translucent gate.
  3551 | D:5      | Found a runed translucent gate.
  3552 | D:5      | Noticed PanSaczeczos's ghost (novice TrWn)
  3686 | D:5      | Reached skill level 10 in Stealth
  3884 | D:5      | Reached skill level 5 in Long Blades
  3884 | D:5      | Reached skill level 5 in Maces & Flails
  3884 | D:5      | Reached skill level 5 in Polearms
  3884 | D:5      | Reached skill level 5 in Staves
  3884 | D:5      | Reached skill level 5 in Ranged Weapons
  3884 | D:5      | Reached skill level 5 in Throwing
  3884 | D:5      | Reached skill level 5 in Armour
  3884 | D:5      | Reached skill level 11 in Stealth
  3884 | D:5      | Reached skill level 5 in Shields
  3884 | D:5      | Reached skill level 5 in Unarmed Combat
  3884 | D:5      | Reached skill level 5 in Spellcasting
  3884 | D:5      | Reached skill level 5 in Invocations
  3884 | D:5      | Reached skill level 5 in Evocations
  3884 | D:5      | Reached XP level 8. HP: 69/69 MP: 10/16
  4397 | D:6      | Found Copues's Antique Weapon Shoppe.
  4454 | D:6      | Found a runed translucent gate.
  4454 | D:6      | Found a runed translucent gate.
  4454 | D:6      | Found a runed translucent gate.
  4455 | D:6      | Noticed zurenarrh's ghost (novice OgBe)
  4563 | D:6      | Bought a dazzling trident for 255 gold pieces
  4563 | D:6      | Identified the +4 trident "Tuvor" {venom, rF++ Int-2 Dex+3}
                  | (You bought it in a shop on level 6 of the Dungeon)
  4624 | D:6      | Noticed Sigmund
  4633 | D:6      | Killed Sigmund
  4634 | D:6      | Reached XP level 9. HP: 75/75 MP: 17/17
  5227 | D:6      | HP: 3/75 [killer bee (7)]
  5635 | D:7      | Found a staircase to the Ecumenical Temple.
  5672 | Temple   | Entered the Ecumenical Temple
  5721 | Temple   | Became a worshipper of Hepliaklqana the Forgotten
  5801 | D:7      | Identified the +8 dagger of the Keeping Gnat {drain, rN+
                  | rCorr}
  6154 | D:7      | Reached XP level 10. HP: 57/83 MP: 19/19
  6317 | D:7      | Reached skill level 5 in Conjurations
  6317 | D:7      | Reached skill level 5 in Hexes
  6317 | D:7      | Reached skill level 5 in Summonings
  6317 | D:7      | Reached skill level 5 in Necromancy
  6317 | D:7      | Reached skill level 5 in Translocations
  6317 | D:7      | Reached skill level 5 in Transmutations
  6317 | D:7      | Reached skill level 5 in Fire Magic
  6317 | D:7      | Reached skill level 5 in Ice Magic
  6317 | D:7      | Reached skill level 5 in Air Magic
  6317 | D:7      | Reached skill level 5 in Earth Magic
  6317 | D:7      | Reached skill level 5 in Poison Magic
  6791 | D:8      | Noticed Bqawayeah's ghost (novice DECj)
  6817 | D:8      | Found a runed translucent door.
  7124 | D:8      | Reached skill level 10 in Axes
  7124 | D:8      | Reached XP level 11. HP: 83/85 MP: 19/21
  7398 | D:8      | Reached * piety under Hepliaklqana
  8225 | D:9      | Found Rughur's Magic Scroll Shoppe.
  8231 | D:9      | Bought a scroll of blinking for 112 gold pieces
  8279 | D:9      | Killed from afar by a vampire

Illustrated notes

Levels and vault maps discovered:
D:1:      matt_arrival_diagonals, layout_rooms, basic_ecumenical_altar,
          serial_corexii_hall, chequers_hall_statues_corner_a,
          chequers_hall_statues_wall_a
D:2:      layout_loops_cross, serial_shops,
          nicolae_shop_competitors_out_of_business, basic_altar, minivault_5
D:3:      layout_rooms, minmay_strange_pillars, glass_columns_b,
          chequers_serial_rivers_micro_e
D:4:      layout_cave_pods, nicolae_uskayaw_en_pointe, enter_ossuary_4
D:5:      layout_rooms, gammafunk_ghost_nasty_kobolds, serial_shops,
          nicolae_diamond_shop, minmay_fractal_squares_gapless_5
D:6:      layout_rooms, serial_shops, shop, gammafunk_ghost_necromancy,
          uniq_sigmund
D:7:      layout_cave_pods, minmay_temple_entry_tees,
          hangedman_abyss_or_decor_stabs, grunt_ministairs_4
D:8:      layout_basic, gammafunk_ghost_grave, chequers_mini_garden
D:9:      layout_roguey, serial_shops, nicolae_shop_waterfront,
          grunt_ministairs_3, nzn_life_drinkers
Temple:   compressed_dpeg_circular_temple

Skill      XL: |  1  2  3  4  5  6  7  8  9 10 11 |
---------------+----------------------------------+-----
Stealth        | 11 | 11.9
Long Blades    | 1 2 5 6 7 |  7.1
Axes           | 1 2 3 7 8 10 | 10.2
Maces & Flails | 1 2 5 6 7 |  7.1
Polearms       | 1 2 5 6 7 |  7.1
Staves         | 1 2 5 6 7 |  7.1
Ranged Weapons | 1 2 5 6 7 |  7.1
Throwing       | 1 2 5 6 7 |  7.1
Armour         | 1 2 5 6 7 |  7.1
Shields        | 1 2 5 6 7 |  7.1
Unarmed Combat | 1 2 5 6 7 |  7.1
Spellcasting   | 1 2 5 6 7 |  7.1
Invocations    | 1 2 5 6 7 |  7.8
Evocations     | 1 2 5 6 7 |  7.1
Conjurations   | 1 4 5 |  5.9
Hexes          | 1 4 5 |  5.9
Summonings     | 1 4 5 |  5.9
Necromancy     | 1 4 5 |  5.9
Translocations | 1 4 5 |  5.9
Transmutations | 1 4 5 |  5.9
Fire Magic     | 1 4 5 |  5.9
Ice Magic      | 1 4 5 |  5.9
Air Magic      | 1 4 5 |  5.9
Earth Magic    | 1 4 5 |  5.9
Poison Magic   | 1 4 5 |  5.9
Short Blades   | 5 7 8 |  8.6
Dodging        | 5 7 8 |  8.6
Fighting       | 7 8 9 |  9.8

Action                   |  1- 3 |  4- 6 |  7- 9 | 10-12 || total
-------------------------+-------+-------+-------+-------++-------
Melee: Short sword       |    16 |   354 |    85 |       ||   455
       Bite              |     3 |    32 |    24 |    14 ||    73
       Punch             |       |     7 |     7 |     6 ||    20
       Trident           |       |       |   119 |   153 ||   272
Throw: Dart              |       |       |     2 |       ||     2
  Use: Scroll            |       |     9 |     4 |     3 ||    16
       Potion            |       |       |     2 |     3 ||     5
 Stab: Sleeping          |     1 |    11 |     6 |     8 ||    26
       Distracted        |       |     1 |     1 |     1 ||     3
Armor: Leather armour    |     8 |    20 |       |       ||    28
       Chain mail        |       |   139 |   111 |    88 ||   338
Dodge: Dodged            |    28 |   215 |   121 |    69 ||   433
